 Dungeon Sprint DCSS version 0.30.1-5-ged363bc7ee (webtiles) character file.

Game seed: 355055815191020461

138 Heoruswealwe the Markself (level 8, -12/60 HPs)
             Began as a Deep Elf Hunter on Sept 19, 2023.
             Was an Initiate of Gozag.
             Mangled by a merfolk
             ... wielding a +0 trident
              (16 damage)
             ... in the Dungeon (Sprint VI: "Thunderdome").
             The game lasted 00:13:24 (475 turns).

Heoruswealwe the Markself (Deep Elf Hunter)          Turns: 475, Time: 00:13:24

Health: -12/60     AC:  3    Str:  8    XL:     8   Next: 55%
Magic:  10/10      EV: 12    Int: 15    God:    Gozag
Gold:   264        SH:  0    Dex: 20    Spells: 7/7 levels left

rFire   . . .        n - +8 triple crossbow (chaos)
rCold   . . .        (shield currently unavailable)
rNeg    . . .        c - +0 leather armour
rPois   .            (no helmet)
rElec   .            (no cloak)
rCorr   .            (no gloves)
SInv    .            (no boots)
Will    .....        (no amulet)
Stlth   ++           (no ring)
HPRegen 0.30/turn    (no ring)
MPRegen 0.12/turn

%: no teleportation
@: gold aura
A: no striking features
a: Renounce Religion, Potion Petition, Call Merchant, Bribe Branch


You were in the Dungeon.
You worshipped Gozag.
Gozag was aware of your devotion.
You visited 1 branch You collected 1354 gold pieces.
You spent 1090 gold pieces at shops.

Inventory:

Hand Weapons
 a - a +0 club
 b - a +0 whip
 n - a +8 triple crossbow of chaos (weapon)
Armour
 c - a +0 leather armour (worn)
Scrolls
 i - a scroll of blinking
Potions
 d - a potion of curing
 e - a potion of heal wounds
 f - 4 potions of haste
 g - 2 potions of magic
 j - 2 potions of resistance


   Skills:
 + Level 11.6 Fighting
 + Level 17.9 Ranged Weapons
 - Level 2.4 Dodging
 - Level 1.2 Stealth


You had 7 spell levels left.
You didn't know any spells.
Your spell library was empty.

Dungeon Overview and Level Annotations

Branches:
Dungeon (1/1)

Altars:
Cheibriados
Dithmenos
Fedhas
Gozag
Kikubaaqudgha
Makhleb
Okawaru
Qazlal
Ru
Sif Muna
Trog
Uskayaw
Vehumet
Wu Jian
Xom
Yredelemnul
Zin
The Shining One
Lugonu

Shops:
D *[??*?*:[((!!!!


Message History

A wyvern comes into view.
A centaur comes into view.
You shoot a bolt. The wyvern hisses angrily.
The centaur shouts!
The bolt hits the wyvern but does no damage.
You hear a shout!
The centaur wields a +0 shortbow.
The centaur shoots an arrow.
The arrow hits you!
A merfolk comes into view. It is wielding a +0 trident.
You shoot a bolt. The merfolk shouts!
The bolt hits the merfolk!
You feel better.
The merfolk is lightly wounded.
You hear a shout! x2
The centaur shoots an arrow.
The arrow closely misses you.
You shoot a bolt. The bolt closely misses the merfolk.
You shoot a bolt. The bolt hits the wyvern!!!
The bolt burns the wyvern!
You kill the wyvern!
A cyclops comes into view.
The centaur shoots an arrow.
The arrow hits you!
You shoot a bolt. The bolt closely misses the merfolk.
The centaur shoots an arrow.
The arrow hits you!
You are too injured to fight recklessly!
Fire: n) +8 triple crossbow (chaos)
Press: ? - help, Shift-Dir - straight line, f/p - merfolk
Aim: a merfolk, wielding a +0 trident (lightly wounded, 71% to hit)
You shoot a bolt. The bolt hits the merfolk!!
The merfolk is severely wounded.
The merfolk hits you from afar with a +0 trident!!
* * * LOW HITPOINT WARNING * * *
Fire: n) +8 triple crossbow (chaos)
Press: ? - help, Shift-Dir - straight line, f/p - merfolk
Aim: a merfolk, wielding a +0 trident (severely wounded, 71% to hit)
You shoot a bolt. The bolt closely misses the merfolk.
The bolt hits the centaur!!
The bolt burns the centaur!
You kill the centaur!
A merfolk comes into view. It is wielding a +0 trident.
The merfolk hits you from afar with a +0 trident!
You die...
Your body crumbles into a pile of gold.

##### ##⌠⌠⌠## #.....# ##.....##
##∩.....∩## #∩.......∩#
#_......._# #_...@..._#
#_......._# ###......m.$###
#⌠........$..⌠#
######.8.........8.######
##.___......###...C...._∩##
###∩........8.# #.8........∩###
##........m....###.............##
#⌠..........###...###..........⌠#


You could see 2 merfolk and a cyclops.

Vanquished Creatures
  4 rust devils (D)
  A wyvern (D)
  A centaur (D)
  2 iron imps (D)
  Jessica (D)
  4 adders (D)
  2 worms (D)
  An orc (D)
  A ball python (D)
  An endoplasm (D)
  A goblin (D)
19 creatures vanquished.

Notes
Turn   | Place    | Note
-------+----------+-------------------------------------------
     0 | D        | Heoruswealwe the Deep Elf Hunter began the quest for the
                  | Orb.
     0 | D        | Reached XP level 1. HP: 12/12 MP: 3/3
     0 | D        | Found an ornate altar of the Wu Jian Council.
     4 | D        | Found an ancient bone altar of Kikubaaqudgha.
     5 | D        | Found a hide-covered altar of Uskayaw.
     5 | D        | Found a glowing silver altar of Zin.
     5 | D        | Round 1.
     6 | D        | Found a bloodstained altar of Trog.
     6 | D        | Found a glowing golden altar of the Shining One.
     6 | D        | Found Tarosuen's Premium Goods.
     6 | D        | Found Ubloixe's Weapon Rack.
     7 | D        | Found Noro's Miscellaneous Merchandise.
     7 | D        | Found Unoempu's Basic Armour.
    13 | D        | Found a sacrificial altar of Ru.
    14 | D        | Found a blossoming altar of Fedhas.
    15 | D        | Found a stormy altar of Qazlal.
    16 | D        | Found Buryiqad's Distillery.
    16 | D        | Found a shadowy altar of Dithmenos.
    16 | D        | Found a burning altar of Makhleb.
    16 | D        | Found Voruc's Do-It-Yourself Clinic.
    17 | D        | Found Ireejoir's Distillery.
    17 | D        | Found Riluj's Bottled Wisdom.
    18 | D        | Found a corrupted altar of Lugonu.
    19 | D        | Found a shimmering blue altar of Sif Muna.
    19 | D        | Found a snail-covered altar of Cheibriados.
    19 | D        | Found a shimmering altar of Xom.
    19 | D        | Found Ebri's Staff Store.
    19 | D        | Found Hutsokhe's Magic Scroll Shop.
    20 | D        | Found Oggipeyl's Must-Have Magic.
    20 | D        | Found Geema's Magic Scroll Shop.
    23 | D        | Found an iron altar of Okawaru.
    24 | D        | Found an opulent altar of Gozag.
    25 | D        | Found a radiant altar of Vehumet.
    27 | D        | Found Bukkeig's Jewellery.
    27 | D        | Found Gaopykly's Advanced Armour.
    32 | D        | Became a worshipper of Gozag Ym Sagoz the Greedy
    33 | D        | Found a basalt altar of Yredelemnul.
    33 | D        | Found Anlul's Identification Station.
    37 | D        | Reached skill level 6 in Ranged Weapons
    37 | D        | Reached XP level 2. HP: 18/18 MP: 4/4
   104 | D        | Reached skill level 7 in Ranged Weapons
   108 | D        | Reached XP level 3. HP: 24/24 MP: 5/5
   127 | D        | Arena points: 12 (+12) [x2]
   128 | D        | Reached skill level 8 in Ranged Weapons
   171 | D        | Bought a +0 triple crossbow for 300 gold pieces
   171 | D        | Round 2.
   172 | D        | Noticed Jessica
   175 | D        | Killed Jessica
   213 | D        | Reached skill level 9 in Ranged Weapons
   213 | D        | Reached XP level 4. HP: 30/30 MP: 6/6
   273 | D        | Arena points: 54 (+42) [x3]
   274 | D        | Reached skill level 5 in Fighting
   340 | D        | Round 3.
   340 | D        | Noticed a rust devil
   344 | D        | Noticed a rust devil
   355 | D        | Killed a rust devil
   356 | D        | Reached skill level 13 in Ranged Weapons
   356 | D        | Reached XP level 5. HP: 29/40 MP: 7/7
   356 | D        | Reached XP level 6. HP: 33/45 MP: 8/8
   362 | D        | Reached skill level 14 in Ranged Weapons
   371 | D        | Killed a rust devil
   372 | D        | Reached skill level 10 in Fighting
   372 | D        | Reached skill level 15 in Ranged Weapons
   372 | D        | Reached XP level 7. HP: 20/52 MP: 9/9
   406 | D        | Noticed a rust devil
   406 | D        | Noticed a rust devil
   418 | D        | Killed a rust devil
   419 | D        | Reached skill level 16 in Ranged Weapons
   419 | D        | Reached XP level 8. HP: 40/59 MP: 10/10
   426 | D        | Bought 8 scrolls of enchant weapon for 600 gold pieces
   436 | D        | Bought a scroll of brand weapon for 95 gold pieces
   441 | D        | Killed a rust devil
   441 | D        | Arena points: 138 (+84) [x4]
   442 | D        | Reached skill level 17 in Ranged Weapons
   461 | D        | Round 4.
   465 | D        | Bought a scroll of brand weapon for 95 gold pieces
   470 | D        | Noticed a merfolk
   472 | D        | Noticed a cyclops
   475 | D        | Noticed a merfolk
   475 | D        | Mangled by a merfolk

Illustrated notes

Levels and vault maps discovered:
D:        arena_sprint

Skill      XL: |  1  2  3  4  5  6  7  8 |
---------------+-------------------------+-----
Fighting       | 2 3 4 8 10 11 | 11.6
Ranged Weapons | 6 7 9 13 15 16 17 | 17.9
Dodging        | |  2.4
Stealth        | |  1.2

Action                     |  1- 3 |  4- 6 |  7- 9 || total
---------------------------+-------+-------+-------++-------
   Fire: Shortbow          |     7 |       |       ||     7
         Triple crossbow   |     3 |    31 |    16 ||    50
  Evoke: Wand              |     6 |     1 |     3 ||    10
    Use: Scroll            |       |     3 |    10 ||    13
         Potion            |       |     2 |     1 ||     3
 Armour: Leather armour    |     2 |       |       ||     2
  Dodge: Dodged            |    12 |     5 |     1 ||    18
